 Dungeon Crawl Stone Soup version 0.16-a0-791-gf1c67de (webtiles) character file.

77 RobertPalmer the Cudgeler (level 4, -10/61 HPs)
             Began as an Ogre Transmuter on Sept 28, 2014.
             Killed by divine providence
             ... invoked by an orc priest
              (17 damage)
             ... on Level 3 of the Dungeon.
             The game lasted 00:05:56 (2670 turns).

RobertPalmer the Cudgeler (Ogre Transmuter)         Turns: 2670, Time: 00:05:57

HP -10/61        AC 22     Str 16      XL: 4   Next: 33%
MP   4/8         EV  1     Int 13      God:
Gold 96          SH  0     Dex 10      Spells:  2 memorised,  4 levels left

rFire  . . .     SeeInvis .     a - +0 mace
rCold  . . .     Clarity  .     e - melded +0 robe
rNeg   + + +     rCorr    +     (shield restricted)
rPois  +         rRot     .     (helmet restricted)
rElec  .         Spirit   .     (cloak currently unavailable)
SustAb .         Warding  .     (gloves unavailable)
rMut   .         NoTele   +     (boots unavailable)
Gourm  .                        o - amulet of resist corrosion
MR     .....                    (no ring)
                                h - +1 ring of strength

@: tree-form, not resistant to hostile enchantments, very unstealthy
A: unfitting armour, (tough skin 0)
a: no special abilities


You were on level 3 of the Dungeon.
You were very hungry.
You were an animated tree.
You visited 1 branch of the dungeon, and saw 3 of its levels.

You collected 96 gold pieces.


Innate Abilities, Weirdness & Mutations

You are too large for most types of armour.
((You have tough skin (AC +1).))


   Skills:
 - Level 1.3 Fighting
 + Level 4.9 Maces & Flails
 - Level 1.7 Dodging
 - Level 2.6 Unarmed Combat
 - Level 2.4 Spellcasting
 - Level 1.5 Transmutations


You had 4 spell levels left.
You knew the following spells:

 Your Spells              Type           Power        Failure   Level  Hunger
z - Beastly Appendage     Trmt           #.....       14%         1    #......
Z - Sticks to Snakes      Trmt           #.........   21%         2    ###....

Inventory:

Hand weapons
 a - a +0 mace (weapon)
Missiles
 b - 19 arrows
Armour
 c - a +0 robe
 e - a +0 robe (melded)
Comestibles
 f - 2 slices of pizza
 g - 2 meat rations
Scrolls
 n - a scroll of identify
Jewellery
 h - a +1 ring of strength (left branch)
 o - an amulet of resist corrosion (around neck)
Books
 d - a book of Changes

Dungeon Overview and Level Annotations

Branches:
Dungeon (3/15)

Altars:

#....###...#.####.....###
#..........)>..........(.
#....###...######.....###
##.### #...######.....#
#.# ####........#### #.#
#####.######## #.#
#<........# #.#
#.........#
#.####.♣.......#
#.....o.......##
###%......###.# #.......#
.# #.......# ..
#.......#####.
#........... ..
#.......#### .#
###.......# .


You could see an orc priest.


Message History

The orc priest calls down the wrath of Beogh upon you.
Something smites you!
* * * LOW HITPOINT WARNING * * *
Unknown command.
You hit the orc priest.
The orc priest is severely wounded.
The orc priest hits you with a hand axe.
* * * LOW HITPOINT WARNING * * *
You barely miss the orc priest.
You claw the orc priest, but do no damage.
The orc priest is severely wounded.
The orc priest hits you with a hand axe.
* * * LOW HITPOINT WARNING * * *
You barely miss the orc priest.
You claw the orc priest, but do no damage.
The orc priest is severely wounded.
Your talons disappear.
The orc priest closely misses you.
You closely miss the orc priest.
The orc priest is severely wounded.
The orc priest closely misses you.
You barely miss the orc priest.
The orc priest is severely wounded.
The orc priest barely misses you.
Drink which item? (? for menu, Esc to quit)
You turn into an animated tree.
Your roots penetrate the ground.
It was a potion of lignification.
The orc priest calls down the wrath of Beogh upon you.
Something smites you!
You die...

Action                   |  1- 3 |  4- 6 || total
-------------------------+-------+-------++-------
Melee: Club              |    14 |       ||    14
       Unarmed           |     8 |       ||     8
       Whip              |    74 |    54 ||   128
       Mace              |       |    10 ||    10
 Cast: Beastly Appendage |    12 |     4 ||    16
       Sticks to Snakes  |     3 |     2 ||     5
  Use: Potion            |     4 |     1 ||     5
       Scroll            |       |     2 ||     2
  Eat: Chunk             |     3 |     2 ||     5

Vault maps used:
D:1:      dpeg_arrival_three_bigger_balls
D:2:      minmay_misc_feat_more_columns

Notes
Turn   | Place    | Note
--------------------------------------------------------------
     0 | D:1      | RobertPalmer, the Ogre Transmuter, began the quest for the Orb.
     0 | D:1      | Reached XP level 1. HP: 19/19 MP: 3/3
   425 | D:1      | Reached skill level 1 in Maces & Flails
   804 | D:1      | Reached XP level 2. HP: 24/27 MP: 3/5
   805 | D:1      | Reached skill level 2 in Maces & Flails
  1091 | D:1      | Reached skill level 3 in Maces & Flails
  1166 | D:2      | Reached XP level 3. HP: 4/33 MP: 4/6
  1167 | D:2      | HP: 3/33 [poisoned by an adder]
  1168 | D:2      | Identified a potion of resistance
  1175 | D:2      | HP: 2/33 [poisoned by an adder]
  1183 | D:2      | HP: 1/33 [poisoned by an adder]
  1519 | D:2      | Learned a level 2 spell: Sticks to Snakes
  1645 | D:2      | Reached skill level 4 in Maces & Flails
  1855 | D:2      | Reached XP level 4. HP: 34/41 MP: 4/8
  2666 | D:3      | HP: 4/41 [orc priest/hand axe (5)]
  2670 | D:3      | Killed from afar by an orc priest

Vanquished Creatures
  2 adders (D:2)
  2 worms
  A giant gecko (D:1)
  An ooze (D:1)
  3 orcs
  A giant cockroach (D:1)
  4 hobgoblins (D:1)
  4 kobolds
  5 bats
  A giant newt (D:2)
  4 goblins
  2 jackals (D:1)
  7 rats
37 creatures vanquished.

Vanquished Creatures (collateral kills)
  An adder (D:2)
1 creature vanquished.

Grand Total: 38 creatures vanquished
